AoeStats
← CassianPrime

Arabia

509509039Analyzed
2v2 RM · 4d ago on Sep 27, 2026· 47m 51s· 4 players
Game mode
Random Map
Map size
Medium (4 player)
Population
200
Speed
Normal
Resources
Standard
Victory
Conquest
Starting age
Dark Age
Ending age
Imperial Age
RankedLock teamsTeams togetherTeam positionsShared explorationLock speedFull tech treeHidden civsTurbo modeCheats
Victory
Defeat
🇦🇷 Vikings · Argentina
1213
+5
🇦🇷 Tatars · Argentina
821
+19
🇺🇸 Saxons · United States
918
-12
🇺🇸 Vietnamese · United States
918
-12
CassianPrime
10:39 Feudal Age
11:24 Double-Bit Axe
12:25 Wheelbarrow
11:38 Horse Collar
18:42 Castle Age
19:52 Pikeman
20:30 Stone Mining
22:04 Heavy Plow
22:16 Bow Saw
27:01 Forging
26:55 Scale Mail Armor
33:43 Imperial Age
32:21 Iron Casting
32:01 Chain Mail Armor
34:53 Capped Ram
38:54 Elite Skirmisher
46:10 Fletching
46:20 Padded Archer Armor
46:30 Scale Barding Armor
46:41 Heavy Mounted Crossbowman
iamthemikey.hardy
5:57 Loom
11:34 Feudal Age
12:05 Double-Bit Axe
15:22 Wheelbarrow
22:24 Castle Age
23:48 Pikeman
25:14 Elite Skirmisher
25:59 Horse Collar
26:43 Bow Saw
29:41 Crossbowman
37:43 Hand Cart
38:38 Thumb Ring
43:53 Masonry
48:16 Ballistics
Kyriokes
4:08 Loom
10:09 Feudal Age
10:40 Horse Collar
13:31 Double-Bit Axe
17:57 Scale Barding Armor
21:58 Wheelbarrow
24:54 Castle Age
31:34 Chain Barding Armor
33:13 Bow Saw
36:37 Forging
36:49 Husbandry
41:34 Bloodlines
41:47 Town Watch
45:13 Imperial Age
43:00 Hand Cart
45:59 Town Patrol
46:03 Scale Mail Armor
46:39 Iron Casting
47:23 Elite Steppe Lancer
Invisible
7:03 Loom
9:35 Feudal Age
10:26 Double-Bit Axe
14:56 Fletching
18:24 Town Watch
19:10 Padded Archer Armor
25:10 Castle Age
23:33 Gold Mining
23:35 Stone Mining
23:30 Horse Collar
25:46 Crossbowman
25:51 Elite Skirmisher
26:30 Bodkin Arrow
26:49 Bow Saw
34:24 Gold Shaft Mining
44:51 Imperial Age
45:12 Arbalester
45:58 Bracer
47:35 Ballistics
48:16 Chemistry
Connection lost

Rejoining the realm…

Still unreachable

The connection could not be restored.

Session expired

The server has moved on; the page needs a fresh start.